 Dungeon Crawl Stone Soup version 0.30-a0-585-g93115170b9 (webtiles) character file.

Game seed: 881116948467861375

88 sokol815 the Sneak (level 4, 0/29 HPs)
             Began as an Octopode Brigand on Jan 2, 2023.
             Slain by a giant cockroach (2 damage)
             ... on level 2 of the Dungeon.
             The game lasted 00:02:28 (1386 turns).

sokol815 the Sneak (Octopode Brigand)               Turns: 1386, Time: 00:02:28

Health: 0/29       AC:  1    Str: 10    XL:     4   Next: 54%
Magic:  4/4        EV: 12    Int: 13    God:
Gold:   82         SH:  0    Dex: 15    Spells: 0/3 levels left

rFire   . . .      SeeInvis .    l - +1 spear (freeze)
rCold   . . .      Faith    .    (no shield)
rNeg    . . .      Spirit   .    (helmet restricted)
rPois   .          Reflect  .    (no amulet)
rElec   .          Harm     .    (no ring)
rCorr   .          Rampage  .    (no ring)
Will    .....                    (no ring)
Stlth   ++++                     (no ring)
HPRegen 0.24/turn                (no ring)
MPRegen 0.09/turn                (no ring)
                                 (no ring)
                                 (no ring)

@: no status effects
A: almost no armour, amphibious, 8 rings, camouflage 1, gelatinous body 1,
(nimble swimmer 1), tentacles
a: no special abilities


You were on level 2 of the Dungeon.
You visited 1 branch of the dungeon, and saw 3 of its levels.

You collected 82 gold pieces.

Inventory:

Hand Weapons
 a - a +2 dagger
 l - a +1 spear of freezing (weapon)
   (You found it on level 2 of the Dungeon)
 m - a +0 whip of venom
   (You took it off a kobold on level 2 of the Dungeon)
Missiles
 b - 9 poisoned darts
 c - 3 curare-tipped darts
 s - 7 stones
Scrolls
 d - a scroll of teleportation {unknown}
 e - a scroll of blinking {unknown}
 h - a scroll of amnesia {unknown}
 i - a scroll of enchant weapon {unknown}
 k - a scroll of poison {unknown}
 n - a scroll of vulnerability {unknown}
Potions
 f - 2 potions of attraction {unknown}
 g - a potion of mutation {unknown}
 j - a potion of curing {unknown}


   Skills:
 - Level 2.0 Fighting
 - Level 3.5 Short Blades
 - Level 2.0 Throwing
 - Level 1.0 Dodging
 + Level 6.8 Stealth


You couldn't memorise any spells.
You knew the following spells:

 Your Spells              Type           Power      Damage    Failure   Level
a - Frozen Ramparts       Ice            0%         1d1       67%         3

Your spell library contained the following spells:

 Spells                   Type           Power      Damage    Failure   Level
 Ice Form                 Ice/Tmut       0%         N/A       97%         4
 Summon Ice Beast         Ice/Summ       0%         N/A       97%         4


Dungeon Overview and Level Annotations

Branches:
Dungeon (3/15) Zot: 16608

Altars:

Annotations:
D:2 Terence


Innate Abilities, Weirdness & Mutations

You cannot wear most types of armour.
You are amphibious.
You can wear up to eight rings at the same time.
Your skin changes colour to match your surroundings (Stealth+).
Your rubbery body absorbs attacks. (AC +1, EV +1)
((You are camouflaged when in or above water. (Stealth+)))
You have tentacles for arms and can constrict up to eight enemies at once.


Message History

A worm is nearby!
You regained 2 hp, and now have 5/29 hp.
A worm is nearby!
There is a stone staircase leading up here.
You climb upwards.
There is a stone staircase leading down here.
You start resting.
Health restored: 29 You climb downwards.
The worm closely misses you.
There is a stone staircase leading up here.
You puncture the worm! You freeze the worm. You grab the worm.
You constrict the worm. The worm bites you.
You take 6 damage, and have 23/29 hp.
MASSIVE DAMAGE!!
You hit the worm. You freeze the worm. You squeeze the worm.
You kill the worm!
No target in view!
No target in view!
You see here a worm corpse.
Things that are here:
a +0 robe; a +0 dagger
There is a stone staircase leading down here.
A rat is nearby!
Health restored: 29 You reach to attack!
You barely miss the rat. You hit the rat. You freeze the rat.
You kill the rat!
A bat comes into view.
You reach to attack!
The helpless endoplasm fails to defend itself.
You hit the endoplasm. You freeze the endoplasm. You hit the endoplasm.
You freeze the endoplasm.
You kill the endoplasm!
The ball python hisses angrily.
The ball python barely misses you. x2
You hit the ball python. You freeze the ball python.
You kill the ball python!
A bat is nearby!
You reach to attack!
You miss the bat. The bat closely misses you.
The bat hits you but does no damage.
You closely miss the bat. You grab the bat. You constrict the bat.
The bat misses you.
The bat escapes!
You reach to attack!
You hit the bat. You freeze the bat.
You kill the bat!
No target in view!
No target in view!
You now have 71 gold pieces (gained 9).
s - 7 stones (gained 4)
You see here a rat corpse.
A giant cockroach comes into view.
You reach to attack!
You hit the giant cockroach. You freeze the giant cockroach.
You completely miss the giant cockroach.
Your grab misses the giant cockroach. You squeeze the giant cockroach.
You kill the giant cockroach!
No target in view!
f - 2 bubbling brown potions (gained 1)
You now have 82 gold pieces (gained 11).
You pick up a book of Rime and begin reading...
You add the spells Frozen Ramparts, Ice Form and Summon Ice Beast to your library.
You open the door.
There is an open door here.
n - a scroll labelled RUWYNU RUIQ This spell is astonishingly dangerous to cast!
Memorise Frozen Ramparts, consuming 3 spell levels and leaving 0?
You start memorising the spell.
You continue memorising. x3
You finish memorising.
Spell assigned to 'a'.
Terence the Incautious comes into view.
He is wielding a +0 flail.
No reachable target in view!
No reachable target in view!
No reachable target in view!
Terence shouts!
Terence hits you with a +0 flail!
A giant cockroach comes into view.
You take 8 damage, and have 21/29 hp.
MASSIVE DAMAGE!!
You hit Terence. You freeze Terence. You grab Terence.
You squeeze Terence, but do no damage.
You constrict Terence, but do no damage.
Terence hits you with a +0 flail!
You take 8 damage, and have 13/29 hp.
MASSIVE DAMAGE!!
You are too injured to fight recklessly!
You are too injured to fight recklessly!
You are too injured to fight recklessly!
You hit Terence but do no damage.
You constrict Terence, but do no damage.
A worm comes into view.
Terence hits you with a +0 flail!
* * * LOW HITPOINT WARNING * * *
You take 11 damage, and have 2/29 hp.
MASSIVE DAMAGE!!
You hit Terence but do no damage. You constrict Terence.
Terence closely misses you.
Unknown command.
Unknown command.
You hit Terence. You freeze Terence.
You constrict Terence, but do no damage.
The giant cockroach bites you.
You die...

####.## .# .....# .# ....#
.# . ...##$###!. #..........
#........w# #..B.....$#
#########..@@.....#
#......##.###......
#......'..# #####
#......#### #......#
#......# #......#
#......#####################
#......##...................


You could see Terence, a worm and a giant cockroach.

Vanquished Creatures
  Jessica (D:2)
  A gnoll (D:2)
  An adder (D:2)
  A worm (D:2)
  2 dart slugs (D:1)
  2 ball pythons
  2 bats
  7 endoplasms
  4 giant cockroaches
  4 goblins (D:1)
  2 hobgoblins
  3 frilled lizards
  4 kobolds
  2 rats
36 creatures vanquished.

Notes
Turn   | Place    | Note
-------+----------+-------------------------------------------
     0 | D:1      | sokol815 the Octopode Brigand began the quest for the Orb.
     0 | D:1      | Reached XP level 1. HP: 14/14 MP: 1/1
    58 | D:1      | Reached XP level 2. HP: 12/19 MP: 2/2
   202 | D:1      | Reached skill level 3 in Short Blades
   438 | D:1      | Reached XP level 3. HP: 24/24 MP: 3/3
  1005 | D:2      | Noticed Jessica
  1026 | D:2      | Killed Jessica
  1027 | D:2      | Reached skill level 6 in Stealth
  1027 | D:2      | Reached XP level 4. HP: 28/29 MP: 4/4
  1119 | D:2      | HP: 6/29 [gnoll/+0 club (4)]
  1121 | D:2      | HP: 2/29 [kobold/+0 whip of venom (5)]
  1379 | D:2      | Learned a level 3 spell: Frozen Ramparts
  1380 | D:2      | Noticed Terence
  1384 | D:2      | HP: 2/29 [Terence/+0 flail (12)]
  1386 | D:2      | Slain by a giant cockroach

Illustrated notes

Levels and vault maps discovered:
D:1:      minmay_arrival_wavy_path, layout_basic, serial_corexii_hall,
          chequers_hall_statues_wall_a, chequers_hall_statues_wall_a
D:2:      minmay_recursive_quarters, layout_basic, uniq_jessica, uniq_terence
D:3:      layout_loops_ring, minmay_crystal_room

Skill      XL: |  1  2  3 |
---------------+----------+-----
Short Blades   | 3 |  3.5
Stealth        | 6 |  6.8
Fighting       | |  2.0
Throwing       | |  2.0
Dodging        | |  1.0

Action                   |  1- 3 |  4- 6 || total
-------------------------+-------+-------++-------
Melee: Dagger            |    31 |       ||    31
       Constrict         |     8 |     6 ||    14
       Tentacles         |     6 |     6 ||    12
       Spear             |     4 |    29 ||    33
Throw: Stone             |     5 |       ||     5
 Stab: Sleeping          |    12 |     3 ||    15
Armor: Skin              |       |     1 ||     1
Dodge: Dodged            |    10 |    10 ||    20

Table legend: (Time is in decaauts)
 A = Elapsed time spent in this place.
 B = Non-inter-level travel time spent in this place.
 C = Inter-level travel time spent in this place.
 D = Time resting spent in this place.
 E = Time spent auto-exploring this place.
 F = Levels seen in this place.
 G = Mean time per level.
                   A        B        C        D        E       F      G
               +--------+--------+--------+--------+--------+-----+--------+
         Total |   1390 |   1334 |     56 |    107 |    988 |   3 |  463.3 |
       Dungeon |   1390 |   1334 |     56 |    107 |    988 |   3 |  463.3 |
               +--------+--------+--------+--------+--------+-----+--------+

Top non-repeatable levels by time:
     D:1: 1007 daAuts
     D:2: 372 daAuts
     D:3: 11 daAuts

Table legend:
 A = Kills in this place as a percentage of kills in entire the game.
 B = Kills by you in this place as a percentage of kills by you in the entire game.
 C = Kills by friends in this place as a percentage of kills by friends in the entire game.
 D = Other kills in this place as a percentage of other kills in the entire game.
 E = Experience gained in this place as a percentage of experience gained in the entire game.
 F = Experience gained in this place divided by the number of levels of this place that you have seen.
                   A       B       C       D       E      F
               +-------+-------+-------+-------+-------+----------------------
         Total | 100.0 | 100.0 |   N/A |   N/A | 100.0 |  42.3
       Dungeon | 100.0 | 100.0 |   N/A |   N/A | 100.0 |  42.3
               +-------+-------+-------+-------+-------+----------------------
